AoeStats
← Ekaterina

Fortress

507893060Analyzed
4v4 RM · 11d ago on Sep 20, 2026· 55m 45s· 8 players
Game mode
Random Map
Map size
Huge
Population
200
Speed
Normal
Resources
Standard
Victory
Conquest
Starting age
Dark Age
Ending age
Imperial Age
RankedLock teamsTeams togetherTeam positionsShared explorationLock speedFull tech treeHidden civsTurbo modeCheats
Victory
Defeat
🇺🇾 Cumans · Uruguay
855
+11
🇺🇾 Magyars · Uruguay
722
+21
🇨🇱 Teutons · Chile
706
+19
🇨🇱 Khmer · Chile
656
+19
🇮🇳 Jurchens · India
829
-19
🇺🇸 Ethiopians · United States
811
-19
🇺🇸 Italians · United States
717
-15
🇮🇳 Teutons · India
580
-10
shentayto
8:24 Feudal Age
8:54 Double-Bit Axe
11:26 Gold Mining
14:31 Castle Age
13:00 Stone Mining
14:15 Man-at-Arms
15:33 Bow Saw
16:18 Wheelbarrow
16:27 Wheelbarrow
15:48 Horse Collar
18:28 Heavy Plow
20:19 Stone Shaft Mining
21:42 Scale Mail Armor
21:53 Forging
27:22 Padded Archer Armor
27:13 Fletching
30:25 Scale Barding Armor
37:39 Ballistics
39:21 Chain Barding Armor
48:51 Imperial Age
50:38 Chain Mail Armor
55:39 Onager
niminaroc
4:12 Loom
6:29 Feudal Age
8:32 Double-Bit Axe
8:29 Horse Collar
17:35 Castle Age
16:57 Wheelbarrow
17:43 Fletching
22:23 Bow Saw
24:21 Forging
24:16 Scale Barding Armor
27:29 Imperial Age
26:15 Hand Cart
25:45 Town Watch
26:52 Bodkin Arrow
28:23 Chain Barding Armor
28:39 Iron Casting
27:34 Cavalier
28:30 Bloodlines
30:06 Two-Man Saw
29:29 Paladin
31:48 Blast Furnace
31:24 Plate Barding Armor
31:18 Town Patrol
32:46 Conscription
33:16 Hoardings
35:08 Heavy Plow
39:12 Gold Mining
39:13 Stone Mining
41:47 Crop Rotation
43:25 Capped Ram
44:29 Siege Ram
Ekaterina
7:53 Feudal Age
8:35 Double-Bit Axe
9:40 Horse Collar
19:02 Castle Age
22:24 Corvinian Army
23:12 Wheelbarrow
22:50 Bow Saw
24:59 Scale Barding Armor
27:53 Heavy Plow
28:54 Hand Cart
34:43 Chain Barding Armor
37:30 Imperial Age
37:58 Elite Magyar Huszar
40:12 Crop Rotation
41:24 Hoardings
41:29 Plate Barding Armor
45:25 Two-Man Saw
46:03 Conscription
47:24 Chemistry
diego.vd.gota
6:49 Feudal Age
10:31 Double-Bit Axe
13:24 Castle Age
12:47 Horse Collar
13:45 Wheelbarrow
14:55 Bow Saw
15:03 Bow Saw
22:32 Hand Cart
25:41 Heavy Plow
25:35 Gold Mining
26:21 Husbandry
26:32 Bloodlines
32:27 Imperial Age
33:14 Double Crossbow
33:40 Conscription
33:24 Double Crossbow
32:55 Elite Ballista Elephant
36:39 Elite Skirmisher
37:32 Scale Barding Armor
37:37 Forging
37:28 Padded Archer Armor
38:33 Chemistry
37:53 Ballistics
37:44 Caravan
45:12 Pikeman
46:17 Chain Barding Armor
46:33 Iron Casting
46:13 Leather Archer Armor
46:09 Siege Engineers
46:14 Masonry
zafishroc
9:03 Feudal Age
8:41 Loom
10:09 Double-Bit Axe
10:06 Horse Collar
15:23 Castle Age
17:04 Bow Saw
21:07 Silk Road
22:20 Wheelbarrow
24:15 Hand Cart
24:23 Gold Mining
28:31 Imperial Age
29:09 Stone Mining
29:46 Conscription
31:02 Two-Man Saw
30:07 Heavy Plow
31:30 Squires
31:15 Arson
31:43 Forging
31:34 Scale Mail Armor
36:54 Iron Casting
36:34 Chain Mail Armor
36:29 Caravan
38:27 Fortified Wall
39:17 Chemistry
38:38 Ballistics
40:26 Blast Furnace
39:56 Plate Mail Armor
46:45 Murder Holes
Inki
8:29 Feudal Age
9:47 Wheelbarrow
8:57 Double-Bit Axe
8:55 Horse Collar
9:18 Gold Mining
11:09 Loom
16:32 Castle Age
15:11 Town Watch
17:10 Forging
17:06 Scale Barding Armor
19:13 Hand Cart
19:53 Gold Shaft Mining
33:01 Pikeman
37:36 Imperial Age
35:18 Elite Skirmisher
37:44 Iron Casting
37:29 Chain Barding Armor
37:11 Scale Mail Armor
37:13 Fletching
38:23 Capped Ram
39:39 Conscription
40:29 Gambesons
40:44 Squires
40:29 Arson
40:52 Squires
40:37 Arson
40:39 Treadmill Crane
41:19 Ballistics
42:01 Chemistry
42:23 Bow Saw
42:15 Town Patrol
42:16 Pikeman
42:49 Halberdier
44:38 Blast Furnace
43:59 Chain Barding Armor
46:07 Stone Mining
46:49 Siege Engineers
oxrollin
0:57 Loom
8:59 Feudal Age
9:20 Horse Collar
9:31 Double-Bit Axe
10:41 Wheelbarrow
15:37 Castle Age
16:48 Hand Cart
16:14 Crossbowman
16:49 Fletching
17:00 Padded Archer Armor
19:12 Bow Saw
28:46 Thumb Ring
31:34 Caravan
32:02 Fortified Wall
32:13 Ballistics
35:13 Imperial Age
33:01 Town Watch
33:21 Bodkin Arrow
33:37 Forging
33:35 Scale Barding Armor
36:15 Conscription
36:00 Royal Heirs
35:33 Arbalester
36:33 Leather Archer Armor
36:19 Bracer
36:55 Iron Casting
36:20 Scale Mail Armor
38:11 Chemistry
38:10 Gold Mining
39:29 Two-Man Saw
38:37 Murder Holes
38:41 Halberdier
39:22 Squires
39:07 Arson
39:45 Heavy Plow
43:10 Town Patrol
KickAss
8:47 Feudal Age
12:05 Double-Bit Axe
12:04 Horse Collar
14:21 Scale Mail Armor
14:34 Forging
14:35 Scale Barding Armor
14:31 Gold Mining
15:03 Stone Mining
17:21 Castle Age
15:23 Arson
17:57 Pikeman
18:41 Squires
22:43 Stone Shaft Mining
22:24 Bow Saw
27:49 Imperial Age
28:38 Heavy Plow
29:24 Elite Teutonic Knight
34:06 Wheelbarrow
34:33 Crop Rotation
35:06 Two-Man Saw
35:00 Crossbowman
35:00 Elite Skirmisher
37:21 Hoardings
37:10 Ironclad
37:15 Crenellations
37:18 Chain Mail Armor
37:38 Iron Casting
37:26 Chain Barding Armor
37:46 Cavalier
39:33 Hand Cart
39:05 Town Watch
39:08 Loom
39:58 Paladin
49:47 Halberdier
51:21 Plate Mail Armor
51:51 Blast Furnace
51:28 Plate Barding Armor
Connection lost

Rejoining the realm…

Still unreachable

The connection could not be restored.

Session expired

The server has moved on; the page needs a fresh start.